 Dungeon Crawl Stone Soup version 0.23-a0-54-gae6112e33f (webtiles) character file.

110 Htamos the Chopper (level 4, -5/41 HPs)
             Began as a Hill Orc Abyssal Knight on Aug 8, 2018.
             Was a Believer of Lugonu.
             Slain by Sigmund
             ... wielding a cursed -1 scythe
              (10 damage)
             ... on level 2 of the Dungeon.
             The game lasted 00:04:38 (1980 turns).

Htamos the Chopper (Hill Orc Abyssal Knight)        Turns: 1980, Time: 00:04:38

Health: -5/41      AC:  9    Str: 20    XL:     4   Next: 91%
Magic:  6/6        EV:  7    Int: 12    God:    Lugonu [**....]
Gold:   65         SH:  0    Dex: 10    Spells: 3/3 levels left

rFire    . . .     SeeInvis .   a - +2 hand axe
rCold    . . .     Gourm    .   (no shield)
rNeg     . . .     Faith    .   g - +0 chain mail
rPois    .         Spirit   .   (no helmet)
rElec    .         Reflect  .   (no cloak)
rCorr    .         Harm     .   (no gloves)
MR       .....                  (no boots)
Stlth    ..........             (no amulet)
HPRegen  0.13/turn              (no ring)
MPRegen  0.10/turn              (no ring)

@: mighty
A: no striking features
a: Depart the Abyss, Bend Space, Renounce Religion


You were on level 2 of the Dungeon.
You worshipped Lugonu.
Lugonu was pleased with you.
You were hungry.

You visited 1 branch of the dungeon, and saw 2 of its levels.
You visited the Abyss 1 time.

You collected 65 gold pieces.

Inventory:

Hand Weapons
 a - a +2 hand axe (weapon)
Missiles
 d - 28 poisoned needles
Armour
 b - a +0 leather armour
 g - a +0 chain mail (worn)
Jewellery
 i - an uncursed ring of magical power {unknown}
 p - a +6 ring of intelligence {unknown}
Scrolls
 e - 3 scrolls of teleportation {unknown}
 h - a scroll of enchant weapon
 l - a scroll of identify {unknown}
 n - 2 scrolls of remove curse {unknown}
Potions
 j - a potion of lignification {unknown}
 k - a potion of heal wounds {unknown}
 m - a potion of might
 o - a potion of degeneration {unknown}
Comestibles
 c - 5 rations


   Skills:
 + Level 4.3 Fighting
 * Level 4.5 Axes
 + Level 3.0 Armour
 - Level 0.8 Dodging
 + Level 3.6 Invocations


You had 3 spell levels left.
You didn't know any spells.
Your spell library was empty.

Dungeon Overview and Level Annotations

Branches:
Dungeon (2/15)

Altars:

Annotations:
D:2 Natasha, Sigmund


Message History

You closely miss something. Something hits you but does no damage.
You closely miss something.
The iron imp disappears in a puff of smoke!
Something hits you.
* * * LOW HITPOINT WARNING * * *
You barely miss something.
Natasha howls an incantation.
Natasha shimmers violently.
You slash something! Something hits you but does no damage.
Natasha mumbles some strange words.
You barely miss something.
You hear some strange, mumbled words.
Something tries to affect you, but you resist.
You closely miss something. Something completely misses you.
The crimson imp blinks!
You barely miss something.
Natasha mumbles some strange words.
You miss something. Something hits you but does no damage.
You closely miss something. Something hits you!
You die...

###...########....##
###..(...###......
######.##..####.
#......###.
#####.#..#[.
#.#######.....##...#
#.........#######.##
######.....# #..##
#w{@...###.# #....
#hS###### .# ..##>


55rl .. ..# # ...# ###### .. . You could see a worm, Natasha, a crimson imp, an
adder, a white imp, a leopard gecko and a rat.

Vanquished Creatures
  Jessica (D:2)
  A gnoll (D:1)
  2 adders (D:2)
  A worm (D:2)
  A dart slug (D:1)
  A leopard gecko (D:1)
  2 giant cockroaches
  5 goblins
  8 hobgoblins
  8 kobolds
  A ball python (D:1)
  9 bats
  4 frilled lizards
  7 rats
51 creatures vanquished.

Notes
Turn   | Place    | Note
-------+----------+-------------------------------------------
     0 | Abyss:1  | Htamos the Hill Orc Abyssal Knight began the quest for the Orb.
     0 | Abyss:1  | Reached XP level 1. HP: 19/19 MP: 2/2
    16 | D:1      | Escaped the Abyss
   289 | D:1      | Reached XP level 2. HP: 27/27 MP: 3/3
   868 | D:1      | Reached ** piety under Lugonu
   868 | D:1      | Reached XP level 3. HP: 33/33 MP: 5/5
  1473 | D:2      | Noticed Jessica
  1479 | D:2      | Killed Jessica
  1479 | D:2      | Reached XP level 4. HP: 27/40 MP: 6/6
  1949 | D:2      | Noticed Sigmund
  1958 | D:2      | Noticed Natasha
  1980 | D:2      | Slain by Sigmund

Vault maps used:
D:1:      dpeg_arrival_rooms_c, serial_park_tiny_pond
D:2:      uniq_jessica, uniq_crazy_yiuf_cottage, uniq_sigmund, uniq_natasha

Skill      XL: |  1  2  3  4 |
---------------+-------------+-----
Axes           | 3 4 |  4.5
Fighting       | 4 |  4.3
Invocations    | 3 |  3.6
Armour         | 3 |  3.0
Dodging        | |  0.8

Action                   |  1- 3 |  4- 6 || total
-------------------------+-------+-------++-------
Melee: Hand axe          |   122 |    68 ||   190
  Use: Scroll            |       |     1 ||     1
       Potion            |       |     1 ||     1
  Eat: Chunk             |     2 |     1 ||     3
Armor: Leather armour    |     8 |       ||     8
       Chain mail        |    59 |    47 ||   106
Dodge: Dodged            |    58 |    27 ||    85

Table legend:
 A = Spawn XP
 B = Non-spawn XP
 C = Spawn XP percentage of total XP
 D = Spawn monster count
 E = Non-spawn monster count
 F = Spawn count percentage of total count
 G = Total turns spent on level
                    A         B        C        D         E        F      G
               +---------+---------+-------+---------+---------+-------+---------
         Total |       0 |     158 |   0.0 |       0 |      51 |   0.0 |  1980
               +---------+---------+-------+---------+---------+-------+---------
           D:1 |       0 |      62 |   0.0 |       0 |      29 |   0.0 |  1386
           D:2 |       0 |      96 |   0.0 |       0 |      22 |   0.0 |   578
               +---------+---------+-------+---------+---------+-------+---------
